 Dungeon Crawl Stone Soup version 0.23.2-40-g277498a (webtiles) character file.

Game seed: 12993973712177403297

112 zhovat1 the Skirmisher (level 4, 0/60 HPs)
             Began as a Minotaur Fighter on Aug 14, 2019.
             Slain by a gnoll
             ... wielding a +0 halberd
              (7 damage)
             ... on level 2 of the Dungeon.
             The game lasted 00:01:49 (1077 turns).

zhovat1 the Skirmisher (Minotaur Fighter)           Turns: 1077, Time: 00:01:49

Health: 0/60       AC: 22    Str: 21    XL:     4   Next: 64%
Magic:  3/3        EV:  2    Int:  5    God:
Gold:   66         SH:  9    Dex: 12    Spells: 3/3 levels left

rFire    . . .     SeeInvis .   a - +0 flail
rCold    . . .     Gourm    .   c - +0 shield
rNeg     + + +     Faith    .   (armour currently unavailable)
rPois    +         Spirit   .   (helmet currently unavailable)
rElec    .         Reflect  .   (cloak currently unavailable)
rCorr    .         Harm     .   (gloves currently unavailable)
MR       .....     Clarity  +   (boots currently unavailable) Stlth +.........NoTele +
                                (no amulet)
HPRegen  0.20/turn              (no ring)
MPRegen  0.08/turn              (no ring)

@: tree-form
A: (retaliatory headbutt), agile 1, clarity, evolution 1
a: no special abilities


You were on level 2 of the Dungeon.
You were not hungry.
You were a tree.
You visited 1 branch of the dungeon, and saw 2 of its levels.

You collected 66 gold pieces.

Inventory:

Hand Weapons
 a - a +0 flail (weapon)
Armour
 c - a +0 shield (worn)
 e - a cursed +0 chain mail (melded)
 i - a +0 plate armour
Comestibles
 d - 2 chunks of flesh
 f - a ration


   Skills:
 + Level 4.2 Fighting
 + Level 3.2 Maces & Flails
 + Level 4.2 Armour
 + Level 1.8 Dodging
 + Level 4.1 Shields
 + Level 1.7 Unarmed Combat


You had 3 spell levels left.
You didn't know any spells.
Your spell library was empty.

Dungeon Overview and Level Annotations

Branches:
Dungeon (2/15)

Altars:


Innate Abilities, Weirdness & Mutations

((You reflexively headbutt those who attack you in melee.))
((You have a pair of horns on your head.))
You are agile. (Dex +2)
You possess an exceptional clarity of mind.
You evolve.


Message History

You block the gnoll's attack.
You aren't carrying any scrolls.
You cannot move.
That item cannot be evoked!
You block the gnoll's attack. You block the gnoll's attack.
You block the gnoll's attack. The gnoll hits you but does no damage.
You block the gnoll's attack. The gnoll hits you but does no damage.
You block the gnoll's attack. The gnoll hits you but does no damage.
You block the gnoll's attack. The gnoll hits you but does no damage.
You block the gnoll's attack. You block the gnoll's attack.
The gnoll hits you but does no damage. The gnoll hits you but does no damage.
The gnoll hits you from afar with a +0 halberd!
You die...

..# #......#.#......#
..# #......#........#
..####†.....##.......#
..#.........##.......#
###.........# .......#
............# #......
.##.........###..#.#
.##............$...#
.##......(...###♣.##
.#######.....# ##(# .#
#####.# #g# .# #.# ...
.# #.# ..... .#
#.##...... .####
#.##....... .....
#.##......#. ...##
.##......#.#


You could see a gnoll.

Vanquished Creatures
  Natasha (D:2)
  2 gnolls (D:2)
  2 adders (D:2)
  2 oozes (D:1)
  A worm (D:2)
  2 dart slugs (D:2)
  A ball python (D:1)
  3 hobgoblins (D:1)
  3 jackals (D:2)
  3 kobolds
  4 bats
  8 goblins (D:1)
  7 rats
39 creatures vanquished.

Notes
Turn   | Place    | Note
-------+----------+-------------------------------------------
     0 | D:1      | zhovat1 the Minotaur Fighter began the quest for the Orb.
     0 | D:1      | Reached XP level 1. HP: 19/19 MP: 0/0
   142 | D:1      | Reached XP level 2. HP: 27/27 MP: 1/1
   264 | D:1      | Reached skill level 1 in Unarmed Combat
   372 | D:1      | Reached skill level 1 in Dodging
   579 | D:1      | Reached XP level 3. HP: 33/33 MP: 2/2
   988 | D:2      | Noticed Natasha
   998 | D:2      | Killed Natasha
   998 | D:2      | Reached XP level 4. HP: 36/40 MP: 3/3
  1056 | D:2      | HP: 2/40 [gnoll/+0 halberd (15)]
  1058 | D:2      | Gained mutation: You are agile. (Dex +2) [potion of
                  | mutation]
  1058 | D:2      | Gained mutation: You evolve. [potion of mutation]
  1058 | D:2      | Gained mutation: You possess an exceptional clarity of
                  | mind. [potion of mutation]
  1077 | D:2      | Slain by a gnoll

Skill      XL: |  1  2  3 |
---------------+----------+-----
Unarmed Combat | 1 |  1.7
Dodging        | 1 |  1.8
Fighting       | 4 |  4.2
Armour         | 4 |  4.2
Maces & Flails | 3 |  3.2
Shields        | 4 |  4.1

Action                   |  1- 3 |  4- 6 || total
-------------------------+-------+-------++-------
Melee: Flail             |    71 |    13 ||    84
       Headbutt          |    13 |     3 ||    16
  Use: Potion            |     1 |     3 ||     4
       Scroll            |     1 |       ||     1
  Eat: Chunk             |       |     1 ||     1
Armor: Chain mail        |    48 |     6 ||    54
       Scale mail        |     2 |       ||     2
       Skin              |       |     6 ||     6
Dodge: Dodged            |    22 |     4 ||    26
Block: Shield            |    38 |    18 ||    56
